 Dungeon Crawl Stone Soup version 0.27.1-2-g3b301248ec (webtiles) character file.

Game seed: 10007252931925391768

175 DearestLeader the Changer (level 5, 0/33 HPs)
             Began as an Octopode Transmuter on Sept 30, 2021.
             Slain by an orc (4 damage)
             ... on level 5 of the Dungeon.
             The game lasted 00:05:03 (3890 turns).

DearestLeader the Changer (Octopode Transmuter)     Turns: 3890, Time: 00:05:04

Health: 0/33       AC:  1    Str: 10    XL:     5   Next: 55%
Magic:  7/8        EV: 13    Int: 15    God:
Gold:   80         SH:  0    Dex: 13    Spells: 4/8 levels left

rFire    . . .     SeeInvis .     - Unarmed
rCold    . . .     Faith    .   (no shield)
rNeg     . . .     Spirit   .   (helmet currently unavailable)
rPois    .         Reflect  .   (no amulet)
rElec    .         Harm     .   (no ring)
rCorr    .         Rampage  .   (no ring)
Will     .....                  (no ring)
Stlth    +++.......             (no ring)
HPRegen  0.11/turn              (no ring)
MPRegen  0.11/turn              (no ring)
                                (no ring)
                                (no ring)

@: appendages
A: tentacle spike 3, almost no armour, amphibious, 8 rings, camouflage 1,
gelatinous body 1, (nimble swimmer 1), tentacles
a: End Transformation


You were on level 5 of the Dungeon.
One of your tentacles had grown a beastly spike.
You visited 1 branch of the dungeon, and saw 5 of its levels.

You collected 80 gold pieces.

Inventory:

Hand Weapons
 o - a +3 quarterstaff of chaos
 p - the +5 mace "Kuluofa" {flame, Fly rF- rN+++ Stlth-}
   (You found it on level 4 of the Dungeon)

   It burns those it strikes, dealing additional fire damage.
   rF:        It makes you vulnerable to fire.
   rN:        It renders you almost immune to negative energy.
   Fly:       It grants you flight.
   Stlth:     It makes you less stealthy.
Missiles
 d - 12 poisoned darts (quivered)
Scrolls
 b - a scroll of immolation {unknown}
 c - a scroll of amnesia {unknown}
 e - a scroll of silence {unknown}
 f - a scroll of vulnerability {unknown}
 g - 4 scrolls of identify {unknown}
 j - a scroll of brand weapon {unknown}
 k - a scroll of teleportation {unknown}
 n - 3 scrolls of noise {unknown}
Potions
 a - 2 potions of attraction {unknown}
 h - a potion of might {unknown}
 i - 2 potions of heal wounds {unknown}
 l - a potion of invisibility {unknown}
 m - 2 potions of curing {unknown}


   Skills:
 - Level 1.0 Fighting
 - Level 2.0 Dodging
 + Level 2.8 Stealth
 + Level 3.9 Unarmed Combat
 - Level 2.0 Spellcasting
 * Level 4.1 Transmutations
 + Level 1.7 Poison Magic


You had 4 spell levels left.
You knew the following spells:

 Your Spells              Type           Power      Damage    Failure   Level
a - Beastly Appendage     Tmut           26%        N/A       4%          1
b - Spider Form           Tmut/Pois      5%         N/A       21%         3

Your spell library contained the following spells:

 Spells                   Type           Power      Damage    Failure   Level
 Wereblood                Tmut           13%        N/A       6%          2
 Dazzling Flash           Conj/Hex       2%         N/A       54%         3
 Ice Form                 Ice/Tmut       7%         N/A       67%         4
 Agony                    Necr           1%         N/A       99%         5
 Silence                  Hex/Air        0%         N/A       99%         5


Dungeon Overview and Level Annotations

Branches:
Dungeon (5/15)
 Temple: D:4-7

Altars:
Sif Muna

Shops:
D:2 =[


Innate Abilities, Weirdness & Mutations

One of your tentacles has grown a beastly spike.
You cannot wear most types of armour.
You are amphibious.
You can wear up to eight rings at the same time.
Your skin changes colour to match your surroundings (Stealth+).
Your rubbery body absorbs attacks. (AC +1, EV +1)
((You are camouflaged near water. (Stealth+)))
You have tentacles for arms and can constrict up to eight enemies at once.


Message History

Found a leather armour.
Saving game... please wait.
Welcome back, DearestLeader the Octopode Transmuter.
Press ? for a list of commands and other information.
You see here a +0 leather armour.
Unknown command.
You aren't carrying any items that you can evoke.
Unknown command.
Found a club. 2 orcs and an orc priest come into view.
An orc is wielding a +0 dagger of protection.
The orc shouts!
The orc priest hits you with a +0 whip.
You closely miss the orc. Your grab misses the orc. You squeeze the orc.
The orc is heavily wounded.
The orc closely misses you.
Cast which spell? (? or * to list) One of your tentacles grows a vicious spike.
The orc priest calls upon Beogh to heal the orc.
The orc's wounds heal themselves!
The orc hits you with a +0 club.
You tentacle-slap the orc priest but do no damage.
You grab the orc priest. You squeeze the orc priest.
The orc priest is lightly wounded.
You constrict the orc priest.
The orc priest mumbles some strange prayers to Beogh against you.
Beogh smites you!
The orc hits you with a +0 dagger of protection.
The orc hits you with a +0 club.
You bludgeon the orc priest!
The orc priest is severely wounded.
You constrict the orc priest. The orc priest barely misses you.
The orc hits you with a +0 dagger of protection.
* * * LOW HITPOINT WARNING * * *
The orc hits you with a +0 club.
* * * LOW HITPOINT WARNING * * *
You tentacle-slap the orc priest but do no damage.
You pierce the orc priest.
You kill the orc priest!
The orc hits you with a +0 dagger of protection.
You die...

# #......#
.##..##..#
..... #..#
.#....##..#
......)...#
..........#
########..#
#...###..#
......o@.#
......o).#
.........#
###+###..#
#..# ...#
...# ...#


You could see 2 orcs.

Vanquished Creatures
  A jelly (D:5)
  2 orc priests
  Crazy Yiuf (D:3)
  An orc wizard (D:5)
  2 adders (D:2)
  A worm (D:3)
  A dart slug (D:3)
  3 orcs
  5 endoplasms
  A giant cockroach (D:1)
  6 goblins
  2 hobgoblins
  2 quokkas
  4 ball pythons
  4 bats
  2 frilled lizards
  4 kobolds
  2 rats
44 creatures vanquished.

Vanquished Creatures (others)
  A fungus (D:1)
1 creature vanquished.

Grand Total: 45 creatures vanquished

Notes
Turn   | Place    | Note
-------+----------+-------------------------------------------
     0 | D:1      | DearestLeader the Octopode Transmuter began the quest for
                  | the Orb.
     0 | D:1      | Reached XP level 1. HP: 13/13 MP: 3/3
   194 | D:1      | Reached XP level 2. HP: 12/18 MP: 3/5
   362 | D:1      | You fall into a shaft and drop 1 floor!
  1047 | D:1      | Found a faded altar of an unknown god.
  1117 | D:2      | Reached XP level 3. HP: 23/23 MP: 6/6
  1130 | D:2      | Reached skill level 1 in Stealth
  1363 | D:2      | Found Ytruwurgh's Jewellery Shop.
  1385 | D:2      | Found Elyips's Armour Boutique.
  1395 | D:2      | Reached skill level 3 in Transmutations
  1578 | D:2      | Found a shimmering blue altar of Sif Muna.
  2634 | D:3      | Learned a level 3 spell: Spider Form
  3015 | D:3      | Reached XP level 4. HP: 28/28 MP: 7/7
  3239 | D:3      | Found a runed translucent door.
  3240 | D:3      | Noticed Crazy Yiuf
  3254 | D:3      | Killed Crazy Yiuf
  3542 | D:4      | Noticed an ice beast
  3545 | D:4      | Reached skill level 1 in Poison Magic
  3545 | D:4      | Reached XP level 5. HP: 33/33 MP: 6/8
  3752 | D:4      | Identified the +5 mace "Kuluofa" {flame, Fly rF- rN+++
                  | Stlth-}
  3758 | D:5      | Entered Level 5 of the Dungeon
  3771 | D:5      | Reached skill level 4 in Transmutations
  3835 | D:5      | Noticed an orc warrior
  3890 | D:5      | Slain by an orc

Illustrated notes

Levels and vault maps discovered:
D:1:      shiori_angband_town, layout_loops_ring,
          shapermc_ecumenical_altar_acropolis, serial_bayou_pond_a
D:2:      layout_basic, serial_shops, shop, shop, basic_altar,
          minmay_tetromino_s2
D:3:      layout_basic, uniq_crazy_yiuf_cottage
D:4:      layout_basic, serial_glass, glass_columns_b, glass_columns_c,
          minmay_strange_pillars, feat_on_display, minmay_strange_pillars,
          uniq_natasha
D:5:      layout_gridville, zin_statuary, guppyfry_early_orc_mine,
          uniq_blork_the_orc, uniq_grinder, uniq_menkaure

Skill      XL: |  1  2  3  4  5 |
---------------+----------------+-----
Stealth        | 1 2 |  2.8
Transmutations | 3 4 |  4.1
Poison Magic   | 1 |  1.7
Fighting       | |  1.0
Dodging        | |  2.0
Unarmed Combat | |  3.9
Spellcasting   | |  2.0

Action                   |  1- 3 |  4- 6 || total
-------------------------+-------+-------++-------
Melee: Unarmed           |    68 |    29 ||    97
       Constrict         |    18 |     7 ||    25
       Kick              |    13 |     8 ||    21
       Tentacles         |     9 |     7 ||    16
       Punch             |     2 |       ||     2
Throw: Dart              |     2 |       ||     2
 Cast: Beastly Appendage |    20 |     7 ||    27
 Stab: Sleeping          |     8 |     3 ||    11
Armor: Skin              |     4 |       ||     4
Dodge: Dodged            |    45 |    13 ||    58
